 Dungeon Crawl Stone Soup version 0.30-a0-40-gc6d0f036a7 (webtiles) character file.

Game seed: 2126478812418556417

29453 SensoryNuts the Severer (level 13, -1/117 HPs)
             Began as a Hill Orc Fighter on Aug 29, 2022.
             Succumbed to an orc sorcerer's poison
             ... on level 2 of the Orcish Mines.
             The game lasted 00:18:24 (15556 turns).

SensoryNuts the Severer (Hill Orc Fighter)         Turns: 15556, Time: 00:18:25

Health: -1/117     AC: 33    Str: 26    XL:     13   Next: 45%
Magic:  22/22      EV:  6    Int:  8    God:
Gold:   1129       SH: 10    Dex: 10    Spells: 12/12 levels left

rFire   . . .      SeeInvis .    a - +0 war axe (venom)
rCold   . . .      Faith    .    F - +0 kite shield
rNeg    . . .      Spirit   .    k - +15 Maxwell's patent armour {-Cast -Tele rElec Will+ rCorr}
rPois   .          Reflect  .    (no helmet)
rElec   +          Harm     .    (no cloak)
rCorr   +          Rampage  .    r - +1 pair of gloves "Juc Vaza" {MP+9}
Will    +....      NoTele   +    H - +0 pair of boots
Stlth   .......... NoCast   +    (no amulet)
HPRegen 0.29/turn                y - ring "Vyso" {Fly Str+2}
MPRegen 0.18/turn                (no ring)

@: lethally poisoned (-1 -> -12), on berserk cooldown, flying, slowed, very slow
A: no striking features
a: Convert to Beogh


You were on level 2 of the Orcish Mines.
You visited 3 branches of the dungeon, and saw 14 of its levels.

You collected 1530 gold pieces.
You spent 401 gold pieces at shops.

Inventory:

Hand Weapons
 a - a +0 war axe of venom (weapon)
Missiles
 c - a throwing net (quivered)
Armour
 k - the +15 Maxwell's patent armour (worn) {-Cast -Tele rElec Will+ rCorr}
   (You found it on level 2 of the Dungeon)

   rElec:     It insulates you from electricity.
   -Cast:     It prevents spellcasting.
   -Tele:     It prevents most forms of teleportation.
   rCorr:     It protects you from acid and corrosion.
   Will:      It increases your willpower.
 r - the +1 pair of gloves "Juc Vaza" (worn) {MP+9}
   (You found it on level 9 of the Dungeon)

   MP:        It affects your magic capacity (+9).
 F - a +0 kite shield (worn)
 H - a +0 pair of boots (worn)
Jewellery
 t - a ring of flight
 x - a ring of willpower
 y - the ring "Vyso" (left hand) {Fly Str+2}
   (You bought it in a shop on level 6 of the Dungeon)

   [ring of flight]

   Str:       It affects your strength (+2).
   Fly:       It grants you flight.
Wands
 q - a wand of paralysis (18)
 w - a wand of iceblast (10)
 A - a wand of polymorph (7)
Scrolls
 e - a scroll of brand weapon
 h - 2 scrolls of blinking
 o - 2 scrolls of fog
 p - 2 scrolls of fear
 s - 2 scrolls of teleportation
 u - a scroll of amnesia
 C - a scroll of silence
 G - 2 scrolls of poison
Potions
 b - a potion of flight
 d - a potion of brilliance
 f - a potion of magic
 i - 2 potions of cancellation
 j - a potion of resistance
 m - 3 potions of degeneration
 n - 4 potions of ambrosia
 v - 3 potions of haste
 B - 2 potions of mutation {unknown}
 D - 2 potions of lignification
 E - a potion of attraction {unknown}


   Skills:
 + Level 11.9 Fighting
 * Level 20.9 Axes
 + Level 10.5 Armour
 + Level 1.1 Dodging
 + Level 0.7 Stealth
 + Level 9.2 Shields


You had 12 spell levels left.
You didn't know any spells.
Your spell library contained the following spells:

 Spells                   Type           Power      Damage    Failure   Level
 Apportation              Tloc           0%         N/A       100%        1
 Beastly Appendage        Tmut           0%         N/A       100%        1
 Freeze                   Ice            0%         1d3       100%        1
 Necrotise                Necr           0%         1d4       100%        1
 Shock                    Conj/Air       0%         1d3       100%        1
 Summon Small Mammal      Summ           0%         N/A       100%        1
 Blink                    Tloc           0%         N/A       100%        2
 Wereblood                Tmut           0%         N/A       100%        2
 Frozen Ramparts          Ice            0%         1d1       100%        3
 Lesser Beckoning         Tloc           0%         N/A       100%        3
 Spider Form              Tmut/Pois      0%         N/A       100%        3
 Swiftness                Air            0%         N/A       100%        3
 Vampiric Draining        Necr           0%         2d6       100%        3
 Airstrike                Air            0%         2d(0-16)  100%        4
 Hailstorm                Conj/Ice       0%         3d3       100%        4
 Agony                    Necr           0%         N/A       100%        5
 Alistair's Intoxication  Tmut/Pois      0%         N/A       100%        5
 Manifold Assault         Tloc           0%         N/A       100%        5


Dungeon Overview and Level Annotations

Branches:
Dungeon (11/15)            Temple (1/1) D:4            Lair (0/5) D:8
    Orc (2/2) D:11            Elf (0/3) Orc:2

Altars:
Ashenzari
Cheibriados
Dithmenos
Elyvilon
Fedhas
Gozag
Hepliaklqana
Kikubaaqudgha
Makhleb
Nemelex Xobeh
Okawaru
Qazlal
Ru
Sif Muna
Trog
Uskayaw
Vehumet
Wu Jian
Xom
Yredelemnul
Zin
The Shining One

Shops:
D:5 [   D:6 =   D:10 ([   Orc:2 !*

Annotations:
D:8 2 transporters


Message History

You feel less invigorated.
You feel less confused.
You feel very sick. You block the orc sorcerer's attack.
The orc high priest threatens, "By the altar or by the axe, you will meet Beogh!"
The orc high priest closely misses you.
You closely miss the orc sorcerer.
The orc sorcerer is almost dead.
You feel sick.
You slice the orc sorcerer!!
You kill the orc sorcerer!
You feel sick. The orc high priest barely misses you.
Unknown command.
Unknown command.
You feel very sick. The chaos spawn hits you.
* * * LOW HITPOINT WARNING * * *
You are engulfed in flames!
* * * LOW HITPOINT WARNING * * *
The orc high priest hits you but does no damage.
Things that are here:
a +1 dagger of venom; a +0 robe You are too berserk!
You are too berserk!
You slash the orc high priest!
The orc high priest looks as sick as possible!
The orc high priest is moderately wounded.
You closely miss the chaos spawn.
* * * LOW HITPOINT WARNING * * *
You feel sick.
The orc high priest shouts, "Join the one true god or die!"
The orc high priest shouts, "Beogh is our master!
Accept the truth or die!"
You slice the orc high priest!!
The orc high priest looks as sick as possible!
The orc high priest is heavily wounded.
You slice the chaos spawn!!
The chaos spawn is poisoned.
You are no longer berserk.
You are exhausted.
You feel yourself slow down.
You die...

.##.## ##§#...#.##
.##.# ##§§§......#
.#.## ##§§§#)#.#...##
.### ##§§§##o4.##...##
.# ####
##§§§##..#o.##oo.## ##
###..##
##§.§##..###o.##.).# #
##.....## ##.#§##..#
#..##.#.
###.......###..o##..#
#..##).
.....)..)..###.#@##.
.##.#.
.......#)...###4..##
##...#
...##.##.....###.).##
##...##
..######..##..###...##
##[..### ###
#...###..###.[.##
##..[###. # ##.##
##..###[).###...###[.
# ###
##.)##.[..#....##..#
## ##).#.#.....#[#..##
.# ##.............###


You could see an orc high priest (extremely poisoned) and a chaos spawn
(summoned, very poisoned).

Vanquished Creatures
  Snorg (D:10)
  3 boulder beetles (D:11)
  Erica (D:8)
  A demonspawn (Orc:2)
  A centaur warrior (D:11)
  4 two-headed ogres
  3 death yaks (D:8)
  Urug (Orc:2)
  6 orc high priests (Orc:2)
  5 orc knights (Orc:2)
  3 orc sorcerers (Orc:2)
  2 cyclopes (Orc:1)
  Maurice (D:11)
  A rust devil (Orc:2)
  Joseph (D:8)
  2 gargoyles
  An unseen horror (D:11)
  An ice devil (Orc:2)
  2 hellwings (Orc:2)
  2 trolls
  Grinder (D:4)
  A hornet (D:8)
  A wyvern (D:8)
  8 yaks (D:8)
  2 vampire mosquitoes (D:10)
  4 wargs
  Edmund (D:4)
  2 water moccasins
  2 acid dragons
  26 orc warriors
  2 ice beasts
  3 sky beasts
  2 black bears
  8 ogres
  10 centaurs
  4 kobold brigands
  A gnoll sergeant (D:11)
  3 scorpions
  3 bullfrogs
  A necrophage (D:6)
  9 wights
  A jelly (D:4)
  4 howler monkeys
  2 hounds
  18 orc priests
  A gnoll bouda (D:8)
  15 orc wizards
  3 iguanas
  A mummy (D:3)
  13 gnolls
  7 adders
  A shadow imp (D:6)
  3 ufetubi
  3 worms
  5 dart slugs
  55 orcs
  5 ball pythons
  5 endoplasms
  3 giant cockroaches
  4 goblins
  9 hobgoblins
  7 jackals
  21 kobolds
  2 quokkas
  6 bats
  5 frilled lizards
  8 rats
  3 bushes (D:1)
346 creatures vanquished.

Vanquished Creatures (others)
  4 withered plants (D:1)
4 creatures vanquished.

Grand Total: 350 creatures vanquished

Notes
Turn   | Place    | Note
-------+----------+-------------------------------------------
     0 | D:1      | SensoryNuts the Hill Orc Fighter began the quest for the
                  | Orb.
     0 | D:1      | Reached XP level 1. HP: 19/19 MP: 1/1
    66 | D:1      | Reached XP level 2. HP: 16/27 MP: 2/2
   336 | D:1      | Reached skill level 3 in Axes
   849 | D:1      | Reached XP level 3. HP: 33/33 MP: 3/3
   870 | D:1      | Found a faded altar of an unknown god.
  1416 | D:2      | Found a sparkling altar of Nemelex Xobeh.
  1507 | D:2      | Reached skill level 4 in Axes
  1620 | D:2      | Found the +15 Maxwell's patent armour {-Cast -Tele rElec
                  | Will+ rCorr}
  1802 | D:3      | Reached XP level 4. HP: 40/40 MP: 4/4
  2048 | D:3      | Reached skill level 5 in Axes
  2338 | D:3      | Reached XP level 5. HP: 46/46 MP: 5/5
  2463 | D:3      | Found a snail-covered altar of Cheibriados.
  2589 | D:4      | Noticed Grinder
  2605 | D:4      | Killed Grinder
  2606 | D:4      | Reached skill level 7 in Axes
  2606 | D:4      | Reached XP level 6. HP: 32/52 MP: 6/6
  2995 | D:4      | Reached skill level 8 in Axes
  2995 | D:4      | Reached XP level 7. HP: 58/60 MP: 7/7
  3033 | D:4      | Found a staircase to the Ecumenical Temple.
  3201 | D:4      | Noticed Edmund
  3208 | D:4      | Killed Edmund
  3209 | D:4      | Reached skill level 9 in Axes
  3733 | Temple   | Entered the Ecumenical Temple
  3961 | D:5      | Entered Level 5 of the Dungeon
  3969 | D:5      | Reached skill level 10 in Axes
  3969 | D:5      | Reached XP level 8. HP: 67/67 MP: 8/8
  4205 | D:5      | Reached skill level 11 in Axes
  4280 | D:5      | Reached skill level 5 in Fighting
  4404 | D:5      | Reached skill level 5 in Armour
  4442 | D:5      | Found Semacud's Antique Armour Emporium.
  4729 | D:6      | Reached skill level 12 in Axes
  4757 | D:6      | Reached XP level 9. HP: 64/74 MP: 9/9
  4805 | D:6      | Found Zuagaar's One-of-a-Kind Rings.
  5023 | D:6      | Reached skill level 13 in Axes
  5305 | D:6      | Found a basalt altar of Yredelemnul.
  5535 | D:6      | Found a white marble altar of Elyvilon.
  5535 | D:6      | Found a hide-covered altar of Uskayaw.
  5858 | D:6      | Bought the ring "Vyso" {Fly Str+2} for 401 gold pieces
  6117 | D:7      | Reached skill level 14 in Axes
  6268 | D:7      | Found a hazy altar of Hepliaklqana.
  6399 | D:7      | Noticed a troll
  6404 | D:7      | Killed a troll
  6405 | D:7      | Reached skill level 5 in Shields
  6662 | D:7      | Reached skill level 15 in Axes
  6662 | D:7      | Reached XP level 10. HP: 81/84 MP: 10/10
  6741 | D:7      | Found a stormy altar of Qazlal.
  6745 | D:7      | Identified the +0 scale mail of Defiance {rElec Stlth+}
  7026 | D:8      | Noticed Joseph
  7037 | D:8      | Killed Joseph
  7159 | D:8      | Noticed a manticore
  7161 | D:8      | Noticed a deep elf pyromancer
  7181 | D:8      | Found a blossoming altar of Fedhas.
  7535 | D:8      | Noticed a death yak
  7537 | D:8      | Noticed a death yak
  7544 | D:8      | Noticed a death yak
  7544 | D:8      | Noticed Erica
  7553 | D:8      | Killed a death yak
  7554 | D:8      | Reached skill level 16 in Axes
  7570 | D:8      | Killed a death yak
  7580 | D:8      | Killed Erica
  7581 | D:8      | Reached skill level 17 in Axes
  7586 | D:8      | Killed a death yak
  7587 | D:8      | Reached XP level 11. HP: 40/94 MP: 11/11
  7803 | D:8      | Found a staircase to the Lair.
  7834 | D:8      | Found a transporter.
  7924 | D:8      | Found a transporter.
  8263 | D:9      | Identified the +1 pair of gloves "Juc Vaza" {MP+9}
  8612 | D:9      | Reached skill level 18 in Axes
  9004 | D:10     | Entered Level 10 of the Dungeon
  9222 | D:10     | Found Pevukh's Weapon Shoppe.
  9333 | D:10     | Noticed Snorg
  9350 | D:10     | Killed Snorg
  9557 | D:10     | Found Qupra's Armour Shoppe.
  9765 | D:11     | Noticed a boulder beetle
  9780 | D:11     | Killed a boulder beetle
  9879 | D:11     | Noticed a boulder beetle
  9891 | D:11     | Killed a boulder beetle
 10065 | D:11     | Noticed a two-headed ogre
 10075 | D:11     | Killed a two-headed ogre
 10076 | D:11     | Reached skill level 1 in Dodging
 10373 | D:11     | Found a staircase to the Orcish Mines.
 10582 | D:11     | Reached XP level 12. HP: 106/106 MP: 12/12
 10649 | D:11     | Noticed a centaur warrior
 10658 | D:11     | Killed a centaur warrior
 10659 | D:11     | Reached skill level 10 in Fighting
 10815 | D:11     | Noticed a boulder beetle
 10828 | D:11     | Killed a boulder beetle
 11535 | Orc:1    | Entered Level 1 of the Orcish Mines
 11552 | Orc:1    | Noticed Maurice
 11569 | Orc:1    | Reached skill level 19 in Axes
 11592 | D:11     | Killed Maurice
 11849 | Orc:1    | Noticed a two-headed ogre
 11954 | D:11     | Killed a two-headed ogre
 12273 | Orc:1    | Noticed a two-headed ogre
 12282 | Orc:1    | Killed a two-headed ogre
 12635 | Orc:2    | Entered Level 2 of the Orcish Mines
 12857 | Orc:2    | Found Uhosa's General Store.
 12859 | Orc:2    | Found Foemer's Distillery.
 13253 | Orc:2    | Found a staircase to the Elven Halls.
 13254 | Orc:2    | Noticed a two-headed ogre
 13262 | Orc:2    | Killed a two-headed ogre
 13265 | Orc:2    | Noticed Urug
 13286 | Orc:2    | Killed Urug
 13298 | Orc:2    | HP: 3/110 [orc knight/+0 halberd (15)]
 13978 | Orc:2    | Reached skill level 20 in Axes
 14076 | Orc:2    | Reached XP level 13. HP: 35/116 MP: 13/13
 14420 | Orc:2    | Reached skill level 10 in Armour
 15016 | Orc:2    | Found a bloodstained altar of Trog.
 15554 | Orc:2    | HP: 2/175 [chaos spawn[an orc high priest] (8)]
 15556 | Orc:2    | Succumbed to an orc sorcerer's poison

Illustrated notes

Levels and vault maps discovered:
D:1:      heliophobic_arrival_glass_houses, layout_loops_ring,
          ebering_ecumenical_altar_petrified, minmay_statues_item,
          minmay_hedge_maze
D:2:      layout_rooms, basic_altar
D:3:      layout_basic, slow_altar_1, wad_floor_pattern_untrapped
D:4:      layout_loops_corners, minmay_temple_entry_mini_moons,
          chequers_serial_rivers_micro_d, kennysheep_generic_room_4,
          uniq_edmund, uniq_grinder
D:5:      layout_cave_pools, serial_shops, nicolae_shop_behind_doors
D:6:      layout_basic, kennysheep_mini, gammafunk_temple_overflow_statue,
          st_stairs_13, nicolae_shop_unique_rings, minivault_10, minivault_5
D:7:      layout_gridville, nicolae_qazlal_style_of_elements,
          mainiacjoe_overflow_paths
D:8:      gammafunk_the_bubble [the_bubble_gammafunk_split], layout_loops_ring,
          overflow_temple_1_default, dpeg_lair_monsters, uniq_erica, uniq_joseph
D:9:      layout_gridville
D:10:     layout_rooms, serial_shops, shop, nicolae_shop_bloodbath_and_beyond,
          uniq_snorg
D:11:     layout_long_grid, orc_0_dummy, minmay_misc_feat_pillars, centaur_isle
Temple:   bh_familiar_temple
Orc:1:    layout_caves, uniq_maurice
Orc:2:    pf_orc_diabolical, layout_diamond_mine, basic_altar,
          nicolae_orc_crystal_geode, uniq_urug

Skill      XL: |  1  2  3  4  5  6  7  8  9 10 11 12 13 |
---------------+----------------------------------------+-----
Axes           | 3 4 5 7 8 10 12 15 17 18 20 | 20.9
Armour         | 4 5 7 8 9 10 | 10.5
Fighting       | 4 5 6 7 9 11 | 11.9
Shields        | 4 5 6 8 9 |  9.2
Dodging        | 1 |  1.1
Stealth        | |  0.7

Action                   |  1- 3 |  4- 6 |  7- 9 | 10-12 | 13-15 || total
-------------------------+-------+-------+-------+-------+-------++-------
Melee: War axe           |   243 |   110 |   261 |   547 |   185 ||  1346
  Use: Scroll            |    12 |     2 |     6 |     6 |     2 ||    28
       Potion            |       |       |     1 |    15 |     3 ||    19
 Stab: Distracted        |       |       |       |       |     1 ||     1
Armor: Scale mail        |    59 |       |       |       |       ||    59
       Plate armour      |     3 |    63 |   178 |   310 |    80 ||   634
Dodge: Dodged            |    61 |    16 |    67 |   115 |    37 ||   296
Block: Buckler           |    42 |    34 |    63 |    80 |       ||   219
       Kite shield       |       |       |       |   125 |    55 ||   180

Table legend: (Time is in decaauts)
 A = Elapsed time spent in this place.
 B = Non-inter-level travel time spent in this place.
 C = Inter-level travel time spent in this place.
 D = Time resting spent in this place.
 E = Time spent auto-exploring this place.
 F = Levels seen in this place.
 G = Mean time per level.
                   A        B        C        D        E       F      G
               +--------+--------+--------+--------+--------+-----+--------+
         Total |  15480 |  14368 |   1112 |    213 |  11579 |  14 | 1105.7 |
       Dungeon |  11703 |  10697 |   1006 |    213 |   8611 |  11 | 1063.9 |
        Temple |    181 |    162 |     19 |      0 |    156 |   1 |  181.0 |
  Orcish Mines |   3595 |   3508 |     87 |      0 |   2812 |   2 | 1797.5 |
               +--------+--------+--------+--------+--------+-----+--------+

Top non-repeatable levels by time:
   Orc:2: 2503 daAuts
    D:11: 2097 daAuts
     D:6: 1428 daAuts
     D:1: 1375 daAuts
     D:8: 1239 daAuts
     D:4: 1201 daAuts
   Orc:1: 1091 daAuts
     D:7: 882 daAuts
     D:3: 822 daAuts
     D:9: 734 daAuts
    D:10: 714 daAuts
     D:5: 701 daAuts
     D:2: 505 daAuts
  Temple: 181 daAuts
